 Dungeon Crawl Stone Soup version 0.29.1-2-gbd0b4ee654 (webtiles) character file.

Game seed: 14065827565852155776

9 Icepheonix32 the Insei (level 1, 0/15 HPs)
             Began as a Demigod Transmuter on Nov 9, 2022.
             Slain by a goblin
             ... wielding a +0 club
              (4 damage)
             ... on level 1 of the Dungeon.
             The game lasted 00:00:16 (181 turns).

Icepheonix32 the Insei (Demigod Transmuter)          Turns: 181, Time: 00:00:17

Health: 0/15       AC:  2    Str: 11    XL:     1   Next: 93%
Magic:  4/5        EV: 12    Int: 15    God:
Gold:   4          SH:  0    Dex: 14    Spells: 3/4 levels left

rFire   . . .      SeeInvis .     - Unarmed
rCold   . . .      Faith    .   (no shield)
rNeg    . . .      Spirit   .   a - +0 robe
rPois   .          Reflect  .   (helmet currently unavailable)
rElec   .          Harm     .   (no cloak)
rCorr   .          Rampage  .   (no gloves)
Will    .....                   (boots currently unavailable)
Stlth   +.........              (no amulet)
HPRegen 0.05/turn               (no ring)
MPRegen 0.09/turn               (no ring)

@: appendages (expiring)
A: horns 2, talons 2, high MP 1, forlorn, divine attributes
a: End Transformation


You were on level 1 of the Dungeon.
You had temporarily grown beastly horns and talons.
You visited 1 branch of the dungeon, and saw 1 of its levels.

You collected 4 gold pieces.

Inventory:

Armour
 a - a +0 robe (worn)
Scrolls
 d - a scroll of enchant weapon {unknown}
Potions
 b - a potion of lignification
 c - a potion of might {unknown}


   Skills:
 + Level 0.8 Fighting
 + Level 1.8 Dodging
 + Level 3.0 Unarmed Combat
 + Level 2.0 Spellcasting
 + Level 1.9 Transmutations


You had 3 spell levels left.
You knew the following spells:

 Your Spells              Type           Power      Damage    Failure   Level
a - Beastly Appendage     Tmut           14%        N/A       10%         1

Your spell library contained the following spells:

 Spells                   Type           Power      Damage    Failure   Level
 Wereblood                Tmut           7%         N/A       16%         2
 Spider Form              Tmut/Pois      4%         N/A       41%         3
 Ice Form                 Ice/Tmut       4%         N/A       83%         4


Dungeon Overview and Level Annotations

Branches:
Dungeon (1/15)

Shops:
D:1 !


Innate Abilities, Weirdness & Mutations

You have temporarily grown beastly horns and talons.
You have an increased reservoir of magic. (+10% MP)
You shall have no god before yourself.
Your divine heritage dramatically boosts your attributes as you level up.


Message History

Your horns disappear.
Your talons disappear.
The giant cockroach bites you but does no damage.
The hobgoblin hits you. The giant cockroach barely misses you.
You barely miss the hobgoblin.
A goblin comes into view. It is wielding a +0 club.
The hobgoblin hits you. The giant cockroach barely misses you.
You barely miss the hobgoblin. The giant cockroach barely misses you.
The hobgoblin completely misses you.
Casting: Beastly Appendage (safe; 11% risk of failure)
Confirm with . or Enter, or press ? or * to list all spells.
You grow a pair of large bovine horns.
Your feet morph into talons.
The goblin shouts!
The giant cockroach misses you. The hobgoblin closely misses you.
You hit the hobgoblin but do no damage. The giant cockroach closely misses you.
The hobgoblin hits you.
You hit the hobgoblin.
The hobgoblin is heavily wounded.
The giant cockroach bites you but does no damage.
You barely miss the hobgoblin. Your kick misses the hobgoblin.
The hobgoblin is heavily wounded.
The hobgoblin closely misses you. The giant cockroach barely misses you.
You barely miss the hobgoblin. Your kick misses the hobgoblin.
You headbutt the hobgoblin.
You kill the hobgoblin!
The giant cockroach bites you.
Your Unarmed Combat skill increases to level 3!
Your Spellcasting skill increases to level 2!
The giant cockroach misses you.
Items here: )) †††.
You hit the giant cockroach but do no damage.
The giant cockroach closely misses you.
You barely miss the giant cockroach. The giant cockroach bites you.
* * * LOW HITPOINT WARNING * * *
You hit the giant cockroach.
You kill the giant cockroach!
You closely miss the goblin. Your kick misses the goblin.
Your headbutt misses the goblin.
Your transformation is almost over.
The goblin hits you with a +0 club.
You die...

#####...########
#.###.# #. #.# #
#.###.# #. #...##
.. ##...#### #.
#.......#
...#..####..####.#
#..?≈...@g....# #
#..≈.≈.?##..#.....
#.≈...≈.##..#..#.#
#≈..∩..≈.........#
..≈...≈...........
...≈.≈....#.#...?.
....≈..... ......
......#...... ..#


You could see a goblin.

Vanquished Creatures
  A giant cockroach (D:1)
  A goblin (D:1)
  3 hobgoblins (D:1)
  2 kobolds (D:1)
7 creatures vanquished.

Notes
Turn   | Place    | Note
-------+----------+-------------------------------------------
     0 | D:1      | Icepheonix32 the Demigod Transmuter began the quest for the
                  | Orb.
     0 | D:1      | Reached XP level 1. HP: 15/15 MP: 5/5
   143 | D:1      | Found Suiliga's Distillery.
   177 | D:1      | Reached skill level 3 in Unarmed Combat
   181 | D:1      | Slain by a goblin

Illustrated notes

Levels and vault maps discovered:
D:1:      dpeg_arrival_lava_temple_mockup, layout_loops_cross, serial_shops,
          nicolae_diamond_shop, nicolae_grassy_gnolls

Skill      XL: |  1 |
---------------+----+-----
Unarmed Combat | 3 |  3.0
Spellcasting   | 2 |  2.0
Fighting       | |  0.8
Dodging        | |  1.8
Transmutations | |  1.9

Action                   || total
-------------------------++-------
Melee: Unarmed           ||    22
       Headbutt          ||     5
       Kick              ||     2
 Cast: Beastly Appendage ||     5
Armor: Robe              ||     5
Dodge: Dodged            ||    16
